 Dungeon Crawl Stone Soup version 0.25.1-2-g60ff931df9 (webtiles) character file.

Game seed: 10070504119428981789

650642 Amplified the Ninja (level 27, -7/141 HPs)
             Began as a Vampire Enchanter on Sept 24, 2020.
             Was the Champion of Makhleb.
             Mangled by a spectral deep troll shaman (8 damage)
             ... called from beyond by a ghost crab
             ... on level 2 of a ziggurat on Sept 30, 2020.
             The game lasted 03:10:26 (71445 turns).

Amplified the Ninja (Vampire Enchanter)            Turns: 71445, Time: 03:10:26

Health: -7/141     AC: 30    Str: 12      XL:     27
Magic:  24/24      EV: 19    Int: 16 (20) God:    Makhleb [******]
Gold:   2956       SH: 14    Dex: 19      Spells: 30/41 levels left

rFire    + + .     SeeInvis +   W - +8 arc blade {discharge, rElec}
rCold    + + +     Gourm    .   B - +1 kite shield {rC+ rF+}
rNeg     + + +     Faith    .   c - +10 pearl dragon scales
rPois    ∞         Spirit   .   g - +1 helmet {SInv}
rElec    +         Reflect  .   e - scarf {rC+ rF+}
rCorr    +         Harm     .   f - +1 pair of gloves {Dex+3}
MR       ++...                  Q - +1 pair of boots {run}
Stlth    +++++++++.             d - amulet of the acrobat
HPRegen  0.00/turn              r - ring of resist corrosion
MPRegen  0.19/turn              a - ring of poison resistance

@: bloodless, lightly drained, quick
A: no food, fangs 3, see invisible, [deformed body], [frail 2], [low mp 3],
[weak 2], unbreathing, subdued magic 1
}: 4/15 runes: serpentine, barnacled, silver, abyssal
a: Bat Form, Revivify, Minor Destruction, Lesser Servant of Makhleb, Major
Destruction, Greater Servant of Makhleb, Renounce Religion


You were on level 2 of a ziggurat.
You worshipped Makhleb.
Makhleb was exalted by your worship.
You were bloodless.

You visited 10 branches of the dungeon, and saw 48 of its levels.
You visited the Abyss 2 times.
You visited 2 bazaars.
You visited 1 ziggurat, and saw 2 of its levels.
You also visited: Ice Cave and Wizlab.

You collected 11136 gold pieces.
You spent 8180 gold pieces at shops.

Inventory:

Hand Weapons
 m - a +9 short sword of electrocution
 A - a +5 demon blade of electrocution
 W - the +8 arc blade (weapon) {discharge, rElec}
   (You took it off a deep elf mage on level 1 of the Elven Halls)

   It insulates you from electricity.
Missiles
 v - 30 poisoned darts
 z - 31 curare-tipped darts (quivered)
 P - 8 throwing nets
Armour
 c - +10 pearl dragon scales (worn)
 e - a scarf of resistance (worn)
 f - a +1 pair of gloves of dexterity (worn)
 g - a +1 helmet of see invisible (worn)
 B - a +1 kite shield of resistance (worn)
 Q - a +1 pair of boots of running (worn)
 Z - the +10 tower shield of Ignorance {rN+ Int-4}
   (You found it on level 3 of the Crypt)

   It affects your intelligence (-4).
   It protects you from negative energy.
Jewellery
 a - a ring of poison resistance (right hand)
 d - an amulet of the acrobat (around neck)
 l - the ring of Phasing {EV+8}
   (You took it off a deep elf elementalist on level 3 of the Elven Halls)

   [ring of evasion]

   It affects your evasion (+8).
 r - a ring of resist corrosion (left hand)
 I - an uncursed ring of flight
 M - the ring of Rebolus {rN+ MR+ Int+4}
   (You found it on level 3 of the Crypt)

   [ring of positive energy]

   It affects your intelligence (+4).
   It protects you from negative energy.
   It affects your resistance to hostile enchantments.
 S - the ring of Nioc {rN+ MR+ Str+5}
   (You found it on level 3 of the Crypt)

   [ring of positive energy]

   It affects your strength (+5).
   It protects you from negative energy.
   It affects your resistance to hostile enchantments.
Wands
 u - a wand of iceblast (38)
 y - a wand of acid (18)
 H - a wand of clouds (6)
 L - a wand of digging (5)
 R - a wand of paralysis (21)
Scrolls
 i - a scroll of fear
 k - a scroll of identify
 o - 24 scrolls of remove curse
 p - 8 scrolls of amnesia
 t - 4 scrolls of fog
 G - 3 scrolls of magic mapping
 K - 7 scrolls of teleportation
 N - a scroll of brand weapon
Potions
 b - 2 potions of might
 h - 5 potions of cancellation
 j - 4 potions of haste
 s - 4 potions of flight
 w - 4 potions of resistance
 C - 2 potions of stabbing
 D - 5 potions of magic
 E - 3 potions of ambrosia
 F - 6 potions of brilliance
 T - 8 potions of curing
 Y - 5 potions of mutation
Miscellaneous
 q - 2 boxes of beasts
 x - a tin of tremorstones (inert)
 J - a tin of tremorstones (inert)
 U - 4 phantom mirrors


   Skills:
 * Level 23.1(22.7) Fighting
 - Level 14.4(14.1) Short Blades
 - Level 16.4(16.1) Armour
 - Level 17.3(16.9) Dodging
 O Level 27(26.5) Stealth
 - Level 15.3(15.0) Shields
 - Level 7.8(7.5) Spellcasting
 - Level 8.0(7.7) Hexes
 - Level 18.1(17.7) Air Magic
 - Level 3.4(3.2) Poison Magic
 - Level 8.7(8.4) Invocations
 - Level 11.9(11.6) Evocations


You had 30 spell levels left.
You knew the following spells:

 Your Spells              Type           Power        Failure   Level  Hunger
a - Corona                Hex            ###....      1%          1    N/A
b - Confusing Touch       Hex            ###.....     4%          3    N/A
c - Poisonous Vapours     Pois/Air       ####..       1%          2    N/A
d - Silence               Hex/Air        #####.....   5%          5    N/A

Your spell library contained the following spells:

 Spells                   Type           Power        Failure   Level  Hunger
 Corpse Rot               Necr/Air       N/A          1%          2    N/A
 Slow                     Hex            ###.....     1%          2    N/A
 Static Discharge         Conj/Air       ####....     2%          3    N/A
 Tukima's Dance           Hex            ###.....     4%          3    N/A
 Mephitic Cloud           Conj/Pois/Air  ###.....     6%          3    N/A
 Summon Lightning Spire   Summ/Air       ####....     10%         4    N/A
 Ensorcelled Hibernation  Hex/Ice        ##....       12%         2    N/A
 Cause Fear               Hex            ###.......   16%         4    N/A
 Sting                    Tmut/Pois      #...         21%         1    N/A
 Dazzling Flash           Conj/Hex       ##....       24%         3    N/A
 Inner Flame              Hex/Fire       ##......     24%         3    N/A
 Portal Projectile        Hex/Tloc       ##....       24%         3    N/A
 Summon Guardian Golem    Hex/Summ       ##......     24%         3    N/A
 Lightning Bolt           Conj/Air       ####......   28%         5    N/A
 Animate Skeleton         Necr           N/A          36%         1    N/A
 Apportation              Tloc           #.....       36%         1    N/A
 Beastly Appendage        Tmut           #.....       36%         1    N/A
 Foxfire                  Conj/Fire      #...         36%         1    N/A
 Freeze                   Ice            #...         36%         1    N/A
 Magic Dart               Conj           #...         36%         1    N/A
 Pain                     Necr           #...         36%         1    N/A
 Sandblast                Erth           #.....       36%         1    N/A
 Summon Butterflies       Summ           #.......     36%         1    N/A
 Summon Small Mammal      Summ           #...         36%         1    N/A
 Blink                    Tloc           N/A          52%         2    N/A
 Call Imp                 Summ           #.......     52%         2    N/A
 Sticks to Snakes         Tmut           #.......     52%         2    N/A
 Spider Form              Tmut/Pois      #.........   52%         3    N/A
 Ignite Poison            Fire/Tmut/Pois #.......     61%         3    N/A
 Fulminant Prism          Conj/Hex       ##........   63%         4    N/A
 Leda's Liquefaction      Hex/Erth       ##........   63%         4    N/A
 Olgreb's Toxic Radiance  Pois           ##......     71%         4    N/A
 Call Canine Familiar     Summ           #.......     77%         3    N/A
 Conjure Flame            Conj/Fire      #.......     77%         3    N/A
 Frozen Ramparts          Ice            #.....       77%         3    N/A
 Gell's Gravitas          Tloc           #.........   77%         3    N/A
 Lesser Beckoning         Tloc           #.........   77%         3    N/A
 Ozocubu's Armour         Chrm/Ice       #.......     77%         3    N/A
 Recall                   Summ/Tloc      N/A          77%         3    N/A
 Stone Arrow              Conj/Erth      #.....       77%         3    N/A
 Vampiric Draining        Necr           #.........   77%         3    N/A
 Conjure Ball Lightning   Conj/Air       ####......   85%         6    N/A
 Metabolic Englaciation   Hex/Ice        ##........   93%         5    N/A
 Summon Mana Viper        Hex/Summ       ##......     93%         5    N/A
 Yara's Violent Unravell  Hex/Tmut       ##........   93%         5    N/A
 Darkness                 Hex            ###.......   95%         6    N/A
 Invisibility             Hex            ###.....     95%         6    N/A
 Animate Dead             Necr           N/A          99%         4    N/A
 Hailstorm                Conj/Ice       #.......     99%         4    N/A
 Ice Form                 Ice/Tmut       #.......     99%         4    N/A
 Passage of Golubria      Tloc           N/A          99%         4    N/A
 Sticky Flame             Conj/Fire      #.......     99%         4    N/A
 Summon Ice Beast         Ice/Summ       #.......     99%         4    N/A
 Alistair's Intoxication  Tmut/Pois      #.......     99%         5    N/A
 Freezing Cloud           Conj/Ice/Air   ###.......   99%         6    N/A
 Agony                    Necr           #.......     100%        5    N/A
 Aura of Abjuration       Summ           #.........   100%        5    N/A
 Blade Hands              Tmut           #.........   100%        5    N/A
 Bolt of Magma            Conj/Fire/Erth #.........   100%        5    N/A
 Borgnjor's Vile Clutch   Necr/Erth      #.........   100%        5    N/A
 Excruciating Wounds      Chrm/Necr      #.........   100%        5    N/A
 Fireball                 Conj/Fire      #.........   100%        5    N/A
 Irradiate                Conj/Tmut      #.........   100%        5    N/A
 Iskenderun's Battlesphe  Conj/Chrm      #.......     100%        5    N/A
 Lee's Rapid Deconstruct  Erth           #.........   100%        5    N/A
 Summon Demon             Summ           #.........   100%        5    N/A
 Summon Forest            Summ/Tloc      #.........   100%        5    N/A
 Death Channel            Necr           #.........   100%        6    N/A
 Dispersal                Tloc           #.........   100%        6    N/A
 Eringya's Noxious Bog    Tmut/Pois      #.........   100%        6    N/A
 Hydra Form               Tmut           #.........   100%        6    N/A
 Iron Shot                Conj/Erth      #.........   100%        6    N/A
 Ozocubu's Refrigeration  Ice            #.........   100%        6    N/A
 Shadow Creatures         Summ           N/A          100%        6    N/A
 Simulacrum               Ice/Necr       #.........   100%        6    N/A
 Statue Form              Tmut/Erth      #........    100%        6    N/A
 Dragon Form              Tmut           #.........   100%        7    N/A
 Haunt                    Necr/Summ      #.........   100%        7    N/A
 Malign Gateway           Summ/Tloc      #.........   100%        7    N/A
 Orb of Destruction       Conj           #.........   100%        7    N/A
 Ring of Flames           Chrm/Fire      #.........   100%        7    N/A
 Spellforged Servitor     Conj/Summ      #.........   100%        7    N/A
 Summon Hydra             Summ           #.........   100%        7    N/A
 Chain Lightning          Conj/Air       ####......   100%        8    N/A
 Controlled Blink         Tloc           N/A          100%        8    N/A
 Discord                  Hex            ###.......   100%        8    N/A
 Disjunction              Tloc           #.........   100%        8    N/A
 Ignition                 Fire           #.........   100%        8    N/A
 Lehudib's Crystal Spear  Conj/Erth      #.........   100%        8    N/A
 Absolute Zero            Ice            #.........   100%        9    N/A
 Dragon's Call            Summ           #.........   100%        9    N/A
 Fire Storm               Conj/Fire      #.........   100%        9    N/A
 Shatter                  Erth           #.........   100%        9    N/A
 Tornado                  Air            #####.....   100%        9    N/A

Dungeon Overview and Level Annotations

Branches:
Dungeon (15/15)            Temple (1/1) D:5            Lair (6/6) D:9
 Shoals (4/4) Lair:3        Snake (4/4) Lair:2        Slime (0/5) Lair:6
    Orc (2/2) D:10            Elf (3/3) Orc:2        Vaults (5/5) D:13
  Crypt (3/3) Vaults:2       Tomb (0/3) Crypt:3      Depths (5/5) D:15
    Zot (0/5) Depths:5      IceCv (visited)          WizLab (visited)

Altars:
Ashenzari
Cheibriados
Dithmenos
Elyvilon
Fedhas
Gozag
Hepliaklqana
Kikubaaqudgha
Makhleb
Nemelex Xobeh
Okawaru
Qazlal
Ru
Sif Muna
Trog
Uskayaw
Vehumet
Wu Jian
Xom
Yredelemnul
Zin
The Shining One
Jiyva
Lugonu

Shops:
D:7 }   Orc:1 :   Orc:2 ::*(?   Elf:3 !   Shoals:1 (   Vaults:4 [**
Depths:3 [   Depths:4 [   Depths:5 ::%[[:

Portals:
Hell: Depths:1 Depths:2 Depths:3 Depths:4 Depths:5
Abyss: Depths:2 Depths:3 Depths:4 Depths:5
Pandemonium: Orc:2 Depths:2 Depths:3 Depths:5
Bazaar: Vaults:1

Annotations:
D:5 That's stupid.
Lair:3 Spells in. Slow delve.
Shoals:1 Tough acquirement.
Shoals:4 Recheck
Snake:2 Check fire-and-forget spells. Avoid preparation-based combat. Slow
Snake:4
Snake:3 3 runed translucent doors
Elf:2 5 runed translucent doors
Vaults:2 Slow Depths, get Fire-and-Forgets.
Abyss (Sang), Vaults (If rTele), Slime
Depths:2 2 transporters, Hylus's ghost, adept TrMo
Depths:5 Gloves?


Innate Abilities, Weirdness & Mutations

You do not eat.
You do not regenerate when monsters are visible.
You are frail without blood (-20% HP).
You can heal yourself when you bite living creatures.
You are immune to poison.
You have razor-sharp teeth.
You have supernaturally acute eyesight. (SInv)
You can survive without breathing.
Your spells are a little easier to cast, but a little less powerful.
[Armour fits poorly on your strangely shaped body.]
[You are very frail. (-20% HP)]
[Your magical capacity is extremely low. (-30% MP)]
[You are very weak. (Str -4)]


Message History

The shadow slips into darkness.
The shadow flickers and vanishes for a moment.
The wight hits you with a +0 great sword.
* * * LOW HITPOINT WARNING * * *
The spectral deep troll shaman misses you.
The spectral deep troll shaman claws you but does no damage. x2
The flayed ghost stares at you with tortured malice.
Now bloodless.
Unknown command.
Okay, then.
You feel much better. You block the jiangshi's attack. The jiangshi claws you!
* * * LOW HITPOINT WARNING * * *
The soul eater hits you!
* * * LOW HITPOINT WARNING * * *
The ghost crab bites you but does no damage.
The ghost crab misses you. You block the jiangshi's attack.
The jiangshi claws you!
* * * LOW HITPOINT WARNING * * *
The spectral deep troll shaman bites you!
You die...

▓▓▓ ▓▓▓.▓▓▓
▓▓Z3.Z§▓▓
▓▓°Wt@W§§▓▓
▓.○ZzVzW○.▓
▓▓.°WW§§○▓▓
▓▓..§§Z▓▓
▓▓▓.▓▓▓ ▓▓▓


You could see a jiangshi (summoned), a soul eater, a flayed ghost (summoned), a
ghost crab, a curse skull, a phantasmal warrior (summoned), 2 spectral ettins, a
spectral fire giant (summoned), a spectral deep troll shaman (summoned), 2
hungry ghosts, a shadow (summoned, invisible) and a wight (summoned).

Vanquished Creatures
  Mara (Snake:4)
  A greater mummy (Crypt:3)
  Boris (Crypt:3)
  Saint Roka (Snake:2)
  Bai Suzhen (Crypt:1)
  Margery (Crypt:3)
  Xtahua (Depths:3)
  Frederick (Depths:4)
  Vashnia (Snake:3)
  A caustic shrike (Depths:2)
  A golden dragon (Depths:5)
  2 bone dragons
  10 tentacled monstrosities
  10 liches
  Asterion (Snake:3)
  3 quicksilver dragons (Vaults:5)
  2 deep elf blademasters (Elf:3)
  9 titans
  An Executioner (Abyss:3)
  2 deep elf master archers (Elf:3)
  Polyphemus (Shoals:2)
  3 storm dragons (Vaults:5)
  8 ancient champions
  9 shadow dragons
  Kirke (Snake:3)
  4 sphinxes
  Agnes (Snake:4)
  Roxanne (Elf:3)
  9 tengu reavers
  4 revenants
  8 fire giants
  9 nagarajas
  Ilsuiw (Shoals:3)
  A spectral caustic shrike (Depths:3)
  Aizul (Snake:3)
  5 deep elf sorcerers
  13 frost giants
  The ghost of Orril the Spry, an adept DEAs of Dithmenos (Depths:3)
  3 iron dragons
  A balrug (Depths:4)
  22 vault wardens
  Louise (Elf:3)
  3 orc warlords
  5 deep elf elementalists (Elf:3)
  A draconian stormcaller (Depths:5)
  13 ghouls
  A draconian annihilator (Depths:5)
  A caustic shrike skeleton (Depths:3)
  2 spriggan defenders
  32 very ugly things
  13 ironheart preservers
  3 war gargoyles (Vaults:5)
  12 vampire knights
  27 stone giants
  3 entropy weavers
  A green draconian (Depths:5)
  Nessos (Lair:5)
  Azrael (Snake:2)
  2 red draconians
  7 deep elf annihilators
  5 deep elf demonologists
  2 white draconians
  5 dire elephants (Depths:4)
  A spark wasp (Depths:2)
  A yellow draconian (Depths:5)
  15 deep elf death magi
  A black draconian (Depths:5)
  2 blizzard demons
  6 eidola
  14 fire dragons
  4 merfolk javelineers
  13 ettins
  2 spectral quicksilver dragons (Depths:3)
  Josephine (Snake:1)
  21 yaktaur captains
  11 merfolk impalers
  2 mummy priests (Crypt:3)
  9 jiangshi
  4 deep elf high priests
  16 ice dragons
  6 great orbs of eyes
  3 hydras
  5 merfolk avatars
  35 vault guards
  2 alligator snapping turtles
  3 spriggan air magi
  A spectral shadow dragon (Depths:3)
  4 rakshasas
  15 naga warriors
  A caustic shrike simulacrum (Depths:3)
  15 centaur warriors
  6 death knights
  41 two-headed ogres
  7 deep troll shamans
  4 catoblepae
  4 satyrs
  21 anacondas
  13 dancing weapons
  2 merfolk aquamancers
  7 tengu warriors
  5 death yaks
  6 deep troll earth magi
  14 ogre magi
  5 shock serpents
  6 vampire magi
  A thrashing horror (Abyss:4)
  5 spriggan berserkers
  17 naga sharpshooters
  2 spriggans (Depths:4)
  8 hell knights
  A sun demon (Depths:2)
  7 orc high priests
  6 iron trolls
  12 deep elf knights
  3 wretched stars (Abyss:4)
  Sonja (Lair:5)
  2 fire crabs (Abyss:3)
  2 salamander mystics
  18 skeletal warriors
  8 large abominations
  2 storm dragon skeletons
  4 shadow wraiths
  3 sixfirhies
  8 flayed ghosts
  A wizard (Vaults:3)
  25 deep trolls
  8 naga ritualists
  5 unseen horrors
  18 sea snakes
  7 glowing orange brains
  A torturous demonspawn (Orc:2)
  A spectral iron dragon (Depths:3)
  2 infernal demonspawn (Orc:2)
  A swamp dragon (Abyss:3)
  14 phantasmal warriors
  16 ironbrand convokers
  4 orange crystal statues
  14 deep elf archers
  A golden dragon skeleton (Depths:3)
  31 harpies
  6 necromancers
  A shadow dragon zombie (Vaults:5)
  A frost giant zombie (Crypt:2)
  A shadow dragon skeleton (Crypt:1)
  13 orc sorcerers
  30 ugly things
  10 mana vipers
  A shining eye (Abyss:4)
  50 deep elf magi
  12 manticores
  A human zombie (Vaults:2)
  16 orc knights
  5 wolf spiders
  12 fauns
  3 fire giant zombies
  2 stone giant zombies
  8 cyclopes
  A moth of wrath (shapeshifter) (Depths:2)
  3 fire giant skeletons
  2 stone giant skeletons
  8 salamanders
  An iron dragon skeleton (Crypt:1)
  19 elephants
  11 merfolk sirens
  41 black mambas
  4 guardian serpents
  2 orange demons
  23 naga magi
  4 gargoyles
  Psyche (D:8)
  4 smoke demons
  6 water nymphs
  5 centaur zombies
  18 vault sentinels
  An ice statue (Zig:1)
  2 grey draconian zombies
  A storm dragon simulacrum (Depths:3)
  11 spiny frogs
  A death yak zombie (Crypt:3)
  6 komodo dragons
  2 yaktaurs (shapeshifter)
  A spiny frog (shapeshifter) (Vaults:3)
  A rime drake (shapeshifter) (Abyss:4)
  49 yaktaurs
  2 efreet (D:15)
  2 spectral glowing shapeshifters (Depths:3)
  4 rime drakes (Lair:6)
  A yaktaur skeleton (Vaults:4)
  8 guardian mummies (Crypt:3)
  10 freezing wraiths
  25 merfolk
  A red devil (Orc:2)
  2 human skeletons
  A tengu conjurer (Depths:4)
  4 trolls
  5 ancient zymes
  2 tengu simulacra (Depths:3)
  2 shadow dragon simulacra
  3 hellwings
  A queen bee (shapeshifter) (D:13)
  A troll (shapeshifter) (Depths:2)
  8 hornets
  14 raiju
  2 wind drakes (shapeshifter)
  Prince Ribbit (D:8)
  19 polar bears
  6 wind drakes
  2 spectral guardian serpents (Crypt:3)
  6 blink frogs
  11 snapping turtles
  An ettin zombie (Vaults:4)
  13 slime creatures
  14 hippogriffs
  An iron dragon simulacrum (Depths:3)
  6 bog bodies
  2 raiju (shapeshifter)
  An ice dragon zombie (Crypt:2)
  A tarantella (Vaults:3)
  The ghost of infcreate the Conjurer, an amateur DECj (D:5)
  9 shadows
  A redback (shapeshifter) (Depths:2)
  3 ynoxinuls
  A wyvern (shapeshifter) (Vaults:4)
  A stone giant simulacrum (Vaults:1)
  3 redbacks
  3 fire bats (Abyss:4)
  A spriggan simulacrum (Depths:3)
  2 vampires
  A fire dragon skeleton (Crypt:3)
  4 air elementals
  An ettin skeleton (Crypt:1)
  34 yaks
  A basilisk (shapeshifter) (Depths:2)
  12 water elementals
  15 wraiths
  2 fire elementals (Snake:2)
  A tarantella (shapeshifter) (Depths:2)
  5 wyverns
  3 hogs (Snake:3)
  8 humans (D:13)
  A tyrant leech zombie (Crypt:2)
  2 golden eyes (shapeshifter)
  4 basilisks
  4 hungry ghosts
  3 vampire mosquitoes
  9 chaos spawn
  3 neqoxecs
  6 wargs
  Edmund (D:5)
  46 nagas
  3 acid dragons
  A soldier ant (shapeshifter) (D:13)
  3 hell hounds
  18 water moccasins
  61 orc warriors
  3 porcupines
  A black bear (D:10)
  A snapping turtle zombie (Crypt:3)
  A hornet zombie (D:13)
  6 sky beasts
  An eye of draining (shapeshifter) (Vaults:2)
  3 ice beasts
  A black bear (shapeshifter) (D:13)
  An eye of draining (D:6)
  A phantom (D:13)
  7 starcursed masses (Abyss:4)
  41 ogres
  6 necrophages
  12 wolves (IceCv)
  12 boggarts
  32 centaurs
  A manticore skeleton (Crypt:1)
  2 big kobolds
  14 crocodiles
  A hippogriff zombie (Crypt:1)
  An octopode zombie (Crypt:1)
  2 gnoll sergeants
  A wyvern zombie (D:13)
  A deep troll simulacrum (Vaults:2)
  A draconian zombie (Crypt:1)
  16 bullfrogs
  A glowing shapeshifter simulacrum (Depths:3)
  An earth elemental (Elf:1)
  A wyvern skeleton (D:11)
  A water moccasin zombie (D:6)
  An elf skeleton (Crypt:2)
  A salamander skeleton (Crypt:3)
  5 scorpions
  A cyclops skeleton (Crypt:3)
  5 killer bees
  2 human simulacra
  A snapping turtle simulacrum (Crypt:1)
  A yak skeleton (Crypt:3)
  6 howler monkeys
  6 small abominations
  10 wights
  A polar bear skeleton (Crypt:3)
  10 electric eels
  16 crimson imps
  5 hounds
  2 quasits
  3 jellies
  26 orc priests
  3 bullfrog skeletons
  4 centaur skeletons
  25 orc wizards
  9 worker ants
  2 iguanas
  A killer bee zombie (D:6)
  7 mummies (Crypt:3)
  A hound skeleton (Crypt:2)
  3 worker ant zombies
  A howler monkey zombie (D:5)
  22 gnolls
  A steam dragon zombie (Crypt:1)
  12 adders
  4 shadow imps
  13 white imps
  2 ufetubi
  An ooze (D:3)
  2 adder zombies
  An iguana zombie (Crypt:3)
  An adder skeleton (D:5)
  3 worms
  7 dart slugs
  5 leopard geckos
  107 orcs
  6 bats
  A bat zombie (Crypt:2)
  7 giant cockroaches
  11 goblins
  5 hobgoblins
  11 jackals
  9 quokkas
  7 ball pythons
  A ball python skeleton (Crypt:2)
  3 frilled lizards
  A goblin skeleton (Crypt:1)
  15 kobolds
  A leopard gecko skeleton (D:5)
  A quokka zombie (D:8)
  8 rats
  A river rat skeleton (Crypt:2)
  A plant (Snake:1)
2371 creatures vanquished.

Vanquished Creatures (collateral kills)
  A cacodemon (Abyss:4)
  2 ettins (Orc:1)
  An orange crystal statue (WizLab)
  2 deep elf death magi (Elf:1)
  A satyr (Shoals:3)
  2 wretched stars (Abyss:4)
  A sea snake (Shoals:3)
  A manticore (Lair:6)
  2 deep elf magi
  A water nymph (Shoals:3)
  A smoke demon (Abyss:4)
  An elephant (Lair:5)
  2 merfolk (Shoals:3)
  A hippogriff (Shoals:3)
  2 large abominations (Abyss:4)
  A yak (Lair:6)
  A fire bat (Abyss:4)
  A naga (Snake:4)
  An orc warrior (Orc:2)
  A starcursed mass (Abyss:4)
  An orc wizard (Orc:1)
  An orc (Orc:1)
28 creatures vanquished.

Vanquished Creatures (others)
  A white draconian (Depths:5)
  A great orb of eyes (Depths:3)
  2 ogre magi
  2 deep elf knights
  A wretched star (Abyss:3)
  A troll (D:11)
  A human (D:13)
  A boggart (Vaults:2)
  A howler monkey (D:13)
  An orc wizard (Orc:1)
  2 orcs
  4 fungi (Lair:6)
  A lurking horror (Abyss:4)
  17 plants
36 creatures vanquished.

Grand Total: 2435 creatures vanquished

Notes
Turn   | Place    | Note
-------+----------+-------------------------------------------
     0 | D:1      | Amplified the Vampire Enchanter began the quest for the
                  | Orb.
     0 | D:1      | Reached XP level 1. HP: 13/13 MP: 3/3
   182 | D:1      | Reached XP level 2. HP: 15/19 MP: 5/5
   189 | D:1      | Reached skill level 5 in Stealth
   426 | D:1      | Reached XP level 3. HP: 24/24 MP: 6/6
  1053 | D:2      | Found a white marble altar of Elyvilon.
  1502 | D:2      | You fall into a shaft and drop 1 floor!
  1720 | D:3      | Reached XP level 4. HP: 31/31 MP: 7/7
  1818 | D:3      | Reached skill level 6 in Stealth
  1847 | D:2      | Reached skill level 1 in Fighting
  1863 | D:3      | Reached XP level 5. HP: 23/37 MP: 8/8
  2122 | D:3      | Reached skill level 1 in Armour
  2357 | D:3      | Noticed a +0 dagger
  2357 | D:3      | Noticed a +0 hand axe
  2358 | D:3      | Found a hide-covered altar of Uskayaw.
  2512 | D:3      | Found a sparkling altar of Nemelex Xobeh.
  2945 | D:4      | Found a shadowy altar of Dithmenos.
  3006 | D:4      | Reached XP level 6. HP: 39/44 MP: 9/9
  3496 | D:5      | Entered Level 5 of the Dungeon
  3619 | D:5      | Found a runed translucent gate.
  3619 | D:5      | Found a runed translucent gate.
  3620 | D:5      | Found a runed translucent gate.
  3628 | D:5      | Noticed infcreate's ghost (amateur DECj)
  3662 | D:5      | Found a white marble altar of Elyvilon.
  3686 | D:5      | Found an ancient bone altar of Kikubaaqudgha.
  3828 | D:5      | Reached skill level 5 in Short Blades
  3857 | D:5      | Found a staircase to the Ecumenical Temple.
  3868 | Temple   | Entered the Ecumenical Temple
  4049 | Temple   | Became a worshipper of Makhleb the Destroyer
  4244 | D:5      | Noticed Edmund
  4249 | D:5      | Killed Edmund
  4249 | D:5      | Reached XP level 7. HP: 51/51 MP: 10/10
  4282 | D:5      | Reached skill level 7 in Stealth
  4735 | D:6      | Reached XP level 8. HP: 58/58 MP: 11/11
  4810 | D:6      | Found an iron altar of Okawaru.
  4910 | D:6      | Reached * piety under Makhleb
  5029 | D:6      | Reached skill level 8 in Stealth
  5241 | D:6      | You fall into a shaft and drop 3 floors!
  5241 | D:9      | Found a staircase to the Lair.
  5278 | D:8      | Noticed an orc knight
  5316 | D:9      | Reached XP level 9. HP: 65/65 MP: 12/12
  5342 | D:9      | Reached skill level 5 in Dodging
  5362 | D:9      | Reached skill level 9 in Stealth
  5736 | D:9      | Reached ** piety under Makhleb
  6088 | D:9      | Killed an orc knight
  6088 | D:9      | Reached skill level 5 in Fighting
  6351 | D:8      | Reached skill level 10 in Short Blades
  6467 | D:8      | Noticed Prince Ribbit
  6486 | D:8      | Killed Prince Ribbit
  6486 | D:8      | Reached XP level 10. HP: 69/74 MP: 13/13
  6672 | D:8      | Noticed a glowing orange brain
  6672 | D:8      | Noticed an ogre mage
  6673 | D:8      | Noticed a flayed ghost
  6697 | D:8      | Killed a flayed ghost
  6697 | D:8      | Reached skill level 10 in Stealth
  6704 | D:8      | Killed an ogre mage
  6750 | D:8      | Killed a glowing orange brain
  6768 | D:8      | Noticed Psyche
  6776 | D:8      | Killed Psyche
  7006 | D:7      | Reached *** piety under Makhleb
  7197 | D:7      | Found Omutug's Gadget Shop.
  7203 | D:7      | Bought a wand of acid (9) for 286 gold pieces
  7479 | D:6      | Found a radiant altar of Vehumet.
  7801 | D:6      | Reached XP level 11. HP: 83/83 MP: 5/14
  7804 | D:6      | Identified Wipashrung's Arcane Secrets of Sorcery
  8028 | D:7      | Bought a wand of acid (7) for 242 gold pieces
  8028 | D:7      | Bought a wand of acid (7) for 242 gold pieces
  8106 | D:10     | Entered Level 10 of the Dungeon
  8389 | D:10     | Got a spiked leather armour
  8396 | D:10     | Reached **** piety under Makhleb
  8396 | D:10     | Reached skill level 11 in Stealth
  8798 | D:10     | Found a staircase to the Orcish Mines.
  9019 | D:11     | Noticed a two-headed ogre
  9030 | D:11     | Killed a two-headed ogre
  9050 | D:11     | Noticed a two-headed ogre
  9062 | D:11     | Killed a two-headed ogre
  9062 | D:11     | Reached skill level 5 in Armour
  9142 | D:11     | Found a frozen archway.
  9152 | IceCv    | Entered an ice cave
  9281 | IceCv    | Reached skill level 12 in Stealth
  9343 | IceCv    | Noticed a death yak
  9384 | IceCv    | Killed a death yak
  9449 | IceCv    | Reached ***** piety under Makhleb
  9504 | IceCv    | Reached XP level 12. HP: 92/92 MP: 15/15
  9519 | IceCv    | Identified the +1 leather armour of the Desert {Slay+3}
                  | (You found it on level 10 of the Dungeon)
  9610 | IceCv    | Noticed a white draconian
  9628 | IceCv    | Reached skill level 13 in Stealth
  9661 | IceCv    | Killed a white draconian
  9881 | D:12     | Noticed a two-headed ogre
  9882 | D:12     | Killed a two-headed ogre
 10128 | D:12     | Reached skill level 14 in Stealth
 10331 | D:12     | Reached skill level 10 in Dodging
 10599 | D:12     | Reached skill level 1 in Invocations
 11268 | D:11     | Reached ****** piety under Makhleb
 11412 | Lair:1   | Entered Level 1 of the Lair of Beasts
 11518 | Lair:1   | You fall into a shaft and drop 1 floor!
 11571 | Lair:2   | Reached XP level 13. HP: 101/101 MP: 16/16
 12181 | Lair:2   | Found a staircase to the Snake Pit.
 13432 | Lair:3   | Found a staircase to the Shoals.
 13988 | Lair:4   | Reached skill level 15 in Stealth
 14756 | Lair:5   | Noticed Sonja
 14770 | Lair:5   | Killed Sonja
 14774 | Lair:5   | Reached skill level 10 in Fighting
 14992 | Lair:5   | Noticed Nessos
 15005 | Lair:5   | Killed Nessos
 15575 | Lair:6   | Entered Level 6 of the Lair of Beasts
 15890 | Lair:6   | Reached skill level 16 in Stealth
 15947 | Lair:6   | Reached XP level 14. HP: 106/111 MP: 17/17
 15968 | Lair:6   | Found an opulent altar of Gozag.
 15993 | Lair:6   | Reached skill level 5 in Invocations
 16142 | Lair:6   | Found the +6 Majin-Bo {vamp, Archmagi MP+6 Int+6}
 16179 | Lair:6   | Found a viscous altar of Jiyva.
 16179 | Lair:6   | Found a staircase to the Slime Pits.
 17200 | Orc:1    | Entered Level 1 of the Orcish Mines
 17745 | D:13     | Noticed a fire giant
 17784 | D:13     | Noticed a stone giant
 17787 | D:13     | Noticed a fire giant
 18294 | D:14     | Reached skill level 17 in Stealth
 18548 | D:14     | Found a hide-covered altar of Uskayaw.
 18893 | D:15     | Entered Level 15 of the Dungeon
 19091 | D:15     | Found a staircase to the Depths.
 19202 | D:15     | Reached XP level 15. HP: 119/119 MP: 20/20
 20880 | Orc:2    | Entered Level 2 of the Orcish Mines
 20880 | Orc:2    | Found Detituno's Book Emporium.
 20998 | Orc:2    | Found a staircase to the Elven Halls.
 21331 | Orc:2    | Found Xesext's General Store.
 21332 | Orc:2    | Found Plog's Magic Scroll Boutique.
 21595 | Orc:2    | Paralysed by an orc sorcerer for 4 turns
 21744 | Orc:2    | Reached skill level 10 in Armour
 21747 | Orc:2    | Reached skill level 18 in Stealth
 22572 | Orc:2    | Found Vuiczoxa's Antique Weapon Shoppe.
 22572 | Orc:2    | Found Hioluekk's Book Emporium.
 22870 | Orc:2    | Found a one-way gate leading to the halls of Pandemonium.
 23225 | Orc:1    | Noticed an orc warlord
 23305 | Orc:1    | Killed an orc warlord
 23474 | Orc:1    | Noticed an orc warlord
 23479 | Orc:1    | Paralysed by an orc sorcerer for 2 turns
 23501 | Orc:1    | Killed an orc warlord
 23506 | Orc:1    | Paralysed by an orc sorcerer for 2 turns
 23793 | Snake:1  | Entered Level 1 of the Snake Pit
 24037 | Elf:1    | Entered Level 1 of the Elven Halls
 24273 | Elf:1    | Noticed a deep elf sorcerer
 24284 | Elf:1    | Killed a deep elf sorcerer
 24665 | Elf:1    | Reached XP level 16. HP: 127/127 MP: 22/22
 25300 | Shoals:1 | Entered Level 1 of the Shoals
 25374 | Lair:3   | Learned a level 3 spell: Confusing Touch
 25377 | Lair:3   | Learned a level 2 spell: Poisonous Vapours
 25676 | Shoals:1 | Reached skill level 1 in Air Magic
 25684 | Shoals:1 | Identified a scroll of acquirement
 25794 | Shoals:1 | Found Ruathedd's Weapon Emporium.
 25814 | Shoals:1 | Reached skill level 5 in Hexes
 25842 | Shoals:1 | Acquired a scarf of resistance
 26227 | Shoals:2 | Reached skill level 19 in Stealth
 26381 | Shoals:3 | Reached skill level 1 in Poison Magic
 27088 | Shoals:3 | Noticed Ilsuiw
 27100 | Shoals:3 | Killed Ilsuiw
 27552 | Shoals:4 | Entered Level 4 of the Shoals
 27695 | Shoals:4 | Got a barnacled rune of Zot
 28713 | D:13     | Reached XP level 17. HP: 135/135 MP: 23/23
 28801 | D:13     | Found a gate to the Vaults.
 28811 | Vaults:1 | Entered Level 1 of the Vaults
 29727 | Vaults:1 | Reached skill level 20 in Stealth
 30348 | Vaults:1 | Reached skill level 15 in Dodging
 30551 | Vaults:1 | You fall into a shaft and drop 1 floor!
 31887 | Vaults:1 | Reached skill level 5 in Spellcasting
 32629 | Vaults:1 | Reached XP level 18. HP: 145/145 MP: 17/25
 32727 | Vaults:1 | Found the +8 trident of the Octopus King {venom, rElec
                  | rPois MR+}
 32728 | Vaults:1 | Noticed a tentacled monstrosity
 32736 | Vaults:1 | Killed a tentacled monstrosity
 32790 | Vaults:1 | Found a gateway to a bazaar.
 33201 | Vaults:2 | Found a staircase to the Crypt.
 33201 | Vaults:2 | Found a basalt altar of Yredelemnul.
 33202 | Vaults:2 | Found an ancient bone altar of Kikubaaqudgha.
 33448 | Vaults:2 | Reached skill level 21 in Stealth
 33793 | Vaults:3 | Paralysed by a great orb of eyes for 5 turns
 36442 | Vaults:4 | Found a flickering gateway to a bazaar.
 36448 | Bazaar   | Entered a bazaar
 36538 | Bazaar   | Found Osemien's General Store.
 36580 | Bazaar   | Found Vimato's Gadget Shoppe.
 36595 | Bazaar   | Found Yfe Urio's Assorted Antiques.
 36677 | Bazaar   | Bought a potion of resistance for 100 gold pieces
 36677 | Bazaar   | Bought a potion of resistance for 100 gold pieces
 36701 | Bazaar   | Bought a phantom mirror for 450 gold pieces
 36701 | Bazaar   | Bought a phantom mirror for 450 gold pieces
 36701 | Bazaar   | Bought a phantom mirror for 450 gold pieces
 36701 | Bazaar   | Bought a wand of acid (6) for 300 gold pieces
 36701 | Bazaar   | Bought a wand of acid (8) for 360 gold pieces
 36719 | Bazaar   | Bought an opal ring for 120 gold pieces
 36719 | Bazaar   | Bought a scroll of teleportation for 72 gold pieces
 36719 | Bazaar   | Bought a wand of acid (6) for 192 gold pieces
 36719 | Bazaar   | Bought a scroll of identify for 48 gold pieces
 36719 | Bazaar   | Bought 2 potions of flight for 144 gold pieces
 36719 | Bazaar   | Bought a faintly humming robe for 136 gold pieces
 36719 | Bazaar   | Bought a runed rapier for 168 gold pieces
 36719 | Bazaar   | Identified the +2 robe of Kevveadd {*Slow rF++ Regen+
                  | Stlth+} (You bought it in a shop in a bazaar)
 37017 | Vaults:4 | Reached XP level 19. HP: 153/153 MP: 26/30
 37157 | Vaults:4 | Reached skill level 22 in Stealth
 38256 | Orc:2    | Bought a scroll of teleportation for 48 gold pieces
 38338 | Elf:2    | Found a huge runed translucent gate.
 38338 | Elf:2    | Found a huge runed translucent gate.
 38338 | Elf:2    | Found a huge runed translucent gate.
 38339 | Elf:2    | Found a huge runed translucent gate.
 38339 | Elf:2    | Found a huge runed translucent gate.
 38436 | Elf:2    | Found a shimmering blue altar of Sif Muna.
 38737 | Elf:2    | Reached skill level 5 in Air Magic
 39037 | Elf:3    | Entered Level 3 of the Elven Halls
 39703 | Elf:3    | Got a faintly glowing steel ring
 39803 | Elf:3    | Noticed Roxanne
 39814 | Elf:3    | Found Niarus's Distillery.
 39833 | Elf:3    | Bought a potion of curing for 33 gold pieces
 39833 | Elf:3    | Bought a potion of mutation for 88 gold pieces
 39833 | Elf:3    | Bought a potion of might for 44 gold pieces
 39833 | Elf:3    | Identified the ring "Zucvueth" {Ice rElec rPois} (You found
                  | it on level 3 of the Elven Halls)
 40520 | Snake:1  | Noticed Josephine
 40538 | Snake:1  | Killed Josephine
 40612 | Snake:1  | Found a glowing silver altar of Zin.
 41131 | Snake:2  | Noticed Saint Roka
 41320 | Snake:2  | Killed Saint Roka
 41362 | Snake:2  | Noticed Azrael
 41368 | Snake:2  | Reached skill level 10 in Air Magic
 41407 | Snake:2  | Killed Azrael
 42251 | Snake:3  | Reached XP level 20. HP: 160/160 MP: 29/31
 42680 | Snake:4  | Entered Level 4 of the Snake Pit
 43189 | Snake:4  | Noticed Mara
 43254 | Snake:4  | Killed Mara
 43617 | Snake:4  | Noticed Agnes
 43651 | Snake:4  | Killed Agnes
 44162 | Snake:4  | Reached skill level 15 in Fighting
 44536 | Snake:4  | Got a serpentine rune of Zot
 44775 | Snake:3  | Noticed Aizul
 44781 | Snake:3  | Killed Aizul
 44831 | Snake:3  | Noticed Kirke
 44838 | Snake:3  | Killed Kirke
 44840 | Snake:3  | Noticed Asterion
 44856 | Snake:3  | Killed Asterion
 44982 | Snake:3  | Noticed Vashnia
 45020 | Snake:3  | Killed Vashnia
 45386 | Snake:3  | Found a bloodstained altar of Trog.
 45396 | Snake:3  | Found a runed translucent gate.
 45396 | Snake:3  | Found a runed translucent gate.
 45396 | Snake:3  | Found a runed translucent gate.
 45520 | Snake:3  | Reached skill level 23 in Stealth
 45980 | Crypt:1  | Entered Level 1 of the Crypt
 46046 | Crypt:1  | Reached skill level 1 in Shields
 46253 | Crypt:1  | Reached XP level 21. HP: 134/134 MP: 27/32
 46689 | Crypt:1  | Noticed Bai Suzhen
 46960 | Crypt:2  | Got a distressingly furry leather armour
 46961 | Crypt:2  | Identified the +0 leather armour "Qudedemu" {MR- Str+2
                  | Int+5 Stlth-} (You found it on level 2 of the Crypt)
 47044 | Crypt:3  | Entered Level 3 of the Crypt
 47190 | Crypt:3  | Noticed Boris
 47234 | Crypt:3  | Paralysed by a vampire knight for 2 turns
 47529 | Crypt:2  | Reached skill level 15 in Air Magic
 47643 | Crypt:2  | Found an ancient bone altar of Kikubaaqudgha.
 48074 | Depths:1 | Entered Level 1 of the Depths
 48195 | Depths:1 | Found a shimmering altar of Xom.
 48219 | Depths:1 | Reached skill level 5 in Shields
 48534 | Depths:1 | Found a gateway to Hell.
 48582 | Depths:1 | Found a runed translucent gate.
 48582 | Depths:1 | Found a runed translucent gate.
 48583 | Depths:1 | Found a runed translucent gate.
 48885 | Depths:2 | Found a magical portal.
 48892 | WizLab   | Entered Wucad Mu's Monastery
 48898 | WizLab   | Found the +9 staff of Wucad Mu {channel}
 48941 | WizLab   | Reached XP level 22. HP: 175/175 MP: 33/33
 49571 | Depths:2 | Gained mutation: Your spells are a little easier to cast,
                  | but a little less powerful. [a neqoxec]
 49612 | Depths:2 | Found a bloodstained altar of Trog.
 49734 | Depths:2 | Noticed a caustic shrike
 49748 | Depths:2 | Killed a caustic shrike
 49992 | Depths:2 | Paralysed by a vampire knight for 7 turns
 50208 | Depths:1 | Reached XP level 23. HP: 107/184 MP: 30/34
 50755 | Depths:2 | Identified Bofeeleh's Tome of Warped Transmigration
 51253 | Depths:2 | Paralysed by a vampire knight for 5 turns
 51411 | Depths:2 | Found a one-way gate to the infinite horrors of the Abyss.
 51422 | Depths:2 | Noticed Hylus's ghost (adept TrMo)
 51431 | Depths:2 | Found a transporter.
 51446 | Depths:2 | Found a transporter.
 53358 | Shoals:4 | Reached skill level 10 in Shields
 53452 | Shoals:4 | Reached skill level 15 in Armour
 53776 | Shoals:2 | Noticed Polyphemus
 53826 | Shoals:2 | Killed Polyphemus
 54055 | Shoals:2 | Identified a +0 pair of boots of running (You found it on
                  | level 2 of the Shoals)
 54956 | Elf:3    | Cast into level 3 of the Abyss (a deep elf sorcerer)
 55130 | Abyss:3  | Found a corrupted altar of Lugonu.
 55227 | Abyss:3  | Found a corrupted altar of Lugonu.
 55385 | Elf:3    | Escaped the Abyss
 55656 | Elf:3    | Noticed Louise
 55664 | Elf:3    | Killed Louise
 56041 | Elf:3    | Identified the +3 great sword "Coxoehau" {vorpal, Fragile
                  | Int+6 Dex+2}
 56041 | Elf:3    | Identified the ring "Zaucell" {MR++ Int-5 Dex+6}
 56100 | Elf:3    | Identified the ring "Surphi Oscheox" {*Tele Str+3 Slay+5}
 56317 | Elf:3    | Reached XP level 24. HP: 199/199 MP: 33/34
 56477 | Elf:3    | Identified the cursed +3 hand axe "Odongu" {elec, rC+ Str-5
                  | Dex+3 Stlth+}
 57344 | Elf:3    | Got a sparkling golden amulet
 57345 | Elf:3    | Identified the amulet "Xidditz" {Inacc Dex+3} (You found it
                  | on level 3 of the Elven Halls)
 57351 | Elf:3    | Identified the Compendium of Enthralling Stones
 57357 | Elf:3    | Identified the Grimoire of the Creative Mountains
 57362 | Elf:3    | Identified the +6 fustibalus of Extremism {venom, Stlth+}
                  | (You found it on level 3 of the Elven Halls)
 57371 | Elf:3    | Found the +8 whip "Snakebite" {curare, rPois}
 57372 | Elf:3    | Found the cursed +14 obsidian axe {vorpal, +Fly SInv
                  | *Curse}
 57564 | Elf:3    | Killed Roxanne
 57994 | D:5      | Killed infcreate's ghost
 58646 | Crypt:1  | Killed Bai Suzhen
 59237 | Crypt:2  | Got a spiked chain mail
 59238 | Crypt:2  | Identified the +5 chain mail "Wykarph" {MR+ Dex+7 Stlth+}
                  | (You found it on level 2 of the Crypt)
 60303 | Orc:2    | Bought a book of Dreams for 825 gold pieces
 60303 | Orc:2    | Bought a book of the Warp for 990 gold pieces
 60309 | Orc:2    | Learned a level 5 spell: Silence
 61197 | Crypt:3  | Found an ancient bone altar of Kikubaaqudgha.
 61197 | Crypt:3  | Noticed a greater mummy
 61258 | Crypt:3  | Killed a greater mummy
 61307 | Crypt:3  | Found a basalt altar of Yredelemnul.
 61341 | Crypt:3  | Identified the Grimoire of Necromancy
 61385 | Crypt:3  | Found the +10 tower shield of Ignorance {rN+ Int-4}
 61387 | Crypt:3  | Got a crude wooden ring
 61387 | Crypt:3  | Got a pitted brass ring
 61388 | Crypt:3  | Identified the ring of Rebolus {rN+ MR+ Int+4} (You found
                  | it on level 3 of the Crypt)
 61389 | Crypt:3  | Identified the ring of Nioc {rN+ MR+ Str+5} (You found it
                  | on level 3 of the Crypt)
 61399 | Crypt:3  | Identified the +8 short sword "Bevifaw" {drain, +Fly rPois
                  | rC-} (You found it on level 3 of the Crypt)
 61538 | Crypt:3  | Noticed Margery
 61587 | Crypt:3  | Killed Margery
 61621 | Crypt:3  | Reached skill level 15 in Shields
 61827 | Crypt:3  | Killed Boris
 61953 | Crypt:3  | Found a staircase to the Tomb.
 62478 | Depths:3 | Found a runed translucent gate.
 62479 | Depths:3 | Found a runed translucent gate.
 62484 | Depths:3 | Found a runed translucent gate.
 62486 | Depths:3 | Noticed Orril's ghost (adept DEAs)
 62564 | Depths:3 | Killed Orril's ghost
 62663 | Depths:3 | Reached skill level 1 in Evocations
 62736 | Depths:3 | Noticed Xtahua
 62762 | Depths:3 | Killed Xtahua
 62813 | Depths:3 | Found Huashe's Antique Armour Boutique.
 62857 | Depths:3 | Reached XP level 25. HP: 206/206 MP: 33/34
 62977 | Depths:3 | Found a corrupted altar of Lugonu.
 63186 | Depths:3 | Reached skill level 5 in Evocations
 63598 | Depths:4 | Reached skill level 24 in Stealth
 63828 | Depths:4 | Found Jalujiame's Antique Armour Boutique.
 63837 | Depths:4 | Noticed Frederick
 63880 | Depths:4 | Killed Frederick
 63890 | Depths:4 | Bought a twisted ring mail for 234 gold pieces
 63890 | Depths:4 | Identified the cursed +1 ring mail of Kiacod {rElec} (You
                  | bought it in a shop on level 4 of the Depths)
 64308 | Depths:4 | You fall into a shaft and drop 1 floor!
 64308 | Depths:5 | Entered Level 5 of the Depths
 64308 | Depths:5 | Found a flickering gateway to a bazaar.
 64406 | Bazaar   | Entered a bazaar
 64406 | Bazaar   | Found Xoimex's Distillery.
 64406 | Bazaar   | Found Binatawn's Antique Weapon Shoppe.
 64406 | Bazaar   | Found Ruanipp's Antique Armour Shoppe.
 64406 | Bazaar   | Found Fapiorar's Gadget Emporium.
 64426 | Bazaar   | Bought a potion of haste for 90 gold pieces
 64426 | Bazaar   | Bought a potion of resistance for 90 gold pieces
 64426 | Bazaar   | Bought a potion of curing for 27 gold pieces
 64426 | Bazaar   | Bought a potion of ambrosia for 72 gold pieces
 64426 | Bazaar   | Bought a potion of heal wounds for 45 gold pieces
 64426 | Bazaar   | Bought a potion of degeneration for 9 gold pieces
 64426 | Bazaar   | Bought a potion of haste for 90 gold pieces
 64426 | Bazaar   | Bought a potion of curing for 27 gold pieces
 64426 | Bazaar   | Bought a potion of curing for 27 gold pieces
 64426 | Bazaar   | Bought a potion of invisibility for 72 gold pieces
 64426 | Bazaar   | Bought a potion of curing for 27 gold pieces
 64426 | Bazaar   | Bought a potion of resistance for 90 gold pieces
 64432 | Bazaar   | Bought a phantom mirror for 480 gold pieces
 64434 | Bazaar   | Bought a wand of clouds (9) for 624 gold pieces
 64434 | Bazaar   | Bought a wand of digging (5) for 288 gold pieces
 64602 | Depths:5 | Found a gate to the Realm of Zot.
 64744 | Depths:5 | Found Umpeta Wouxt's Book Emporium.
 64747 | Depths:5 | Found Mounot's Book Shop.
 65134 | Depths:4 | Reached skill level 25 in Stealth
 65139 | Depths:4 | Reached skill level 10 in Evocations
 65299 | Depths:5 | Found a gateway to a ziggurat.
 65310 | Depths:5 | Found Sagri's Book Shoppe.
 65536 | Depths:5 | Found Ledigih's Armour Boutique.
 65536 | Depths:5 | Found Yfuwes's Antique Armour Shop.
 65928 | Depths:5 | Found Gaangosi's Food Shoppe.
 66038 | Depths:5 | Voluntarily entered the Abyss.
 66126 | Abyss:3  | Found a corrupted altar of Lugonu.
 66131 | Abyss:4  | Found a corrupted altar of Lugonu.
 66140 | Abyss:4  | Found a corrupted altar of Lugonu.
 66556 | Abyss:4  | Reached XP level 26. HP: 167/173 MP: 31/34
 66615 | Abyss:4  | Got an abyssal rune of Zot
 66633 | Depths:5 | Escaped the Abyss
 67274 | Vaults:4 | Found Gozag's Assorted Antiques.
 67279 | Vaults:4 | Reached skill level 26 in Stealth
 67332 | Vaults:4 | Found an opulent altar of Gozag.
 67332 | Vaults:4 | Found Gozag's Assorted Antiques.
 67335 | Vaults:4 | Found Gozag's Antique Armour Shoppe.
 68049 | Vaults:5 | Entered Level 5 of the Vaults
 68282 | Vaults:5 | Reached skill level 27 in Stealth
 68451 | Vaults:5 | Found the +9 staff of Olgreb {rPois∞}
 69181 | Vaults:5 | Identified the +9 flail "Vufyihi" {vamp, rF+ Str+3 Dex-3}
 69422 | Vaults:5 | Reached XP level 27. HP: 231/231 MP: 32/34
 69755 | Vaults:5 | Got a silver rune of Zot
 69776 | Vaults:5 | Identified the Catalogue of Torrid Execration
 69938 | Vaults:5 | Identified the Reference Book on Creative Flight
 69989 | Vaults:5 | Identified the cursed +0 chain mail of Ustu {Regen+ Str+4
                  | Int+3} (You found it on level 5 of the Vaults)
 70380 | Vaults:5 | Identified the cursed +3 broad axe "Calic" {vorpal, *Drain
                  | MP+9 Int+4}
 70688 | Vaults:5 | Identified the +3 ring mail "Xyipitz" {Harm Str+2 Int-3}
                  | (You found it on level 5 of the Vaults)
 70871 | Vaults:5 | Identified the ring "Lagace" {+Inv MP+9 Dex-4 Slay+3} (You
                  | found it on level 5 of the Vaults)
 71156 | Zig:1    | Entered Level 1 of a ziggurat
 71435 | Zig:2    | Entered Level 2 of a ziggurat
 71445 | Zig:2    | HP: 1/141 [jiangshi[a curse skull] (14)]
 71445 | Zig:2    | Mangled by a spectral deep troll shaman

Illustrated notes

Levels and vault maps discovered:
D:1:      minmay_arrival_shattered_statue, layout_loops_ring,
          minmay_misc_feat_roman
D:2:      layout_loops_ring, first_ration, hangedman_decor_growths,
          elyvilon_altar_1
D:3:      layout_basic, dancing_weapons_uskayaw, nemelex_altar_shiori
D:4:      layout_basic, nicolae_dithmenos_the_darkroom
D:5:      layout_cave_pods, kiku_gazebo_pond_becter, temple_doors_e,
          gammafunk_ghost_necromancy, serial_column_ruins, column_ruins_hut,
          column_ruins_temple_circle, column_ruins_grid_1,
          column_ruins_open_tiny, column_ruins_grid_1, column_ruins_open_tiny,
          column_ruins_columns_straight, minmay_between, uniq_edmund
D:6:      kennysheep_windowed_halls, layout_gridville, kennysheep_mini,
          kennysheep_little_box
D:7:      layout_loops_ring, serial_shops, nicolae_shop_crystal, serial_glass,
          glass_columns_a, glass_columns_a
D:8:      minmay_klotski, layout_rooms, uniq_prince_ribbit1, uniq_psyche
D:9:      layout_loops_ring, lair_entry_dummy
D:10:     layout_layer_cave, david_orc_4
D:11:     layout_small_grid, portal_ice_cave_entry_imps
D:12:     layout_basic
D:13:     layout_gridville, ximxim_vaults_locker_room, hangedman_stone_soup,
          palyth_stone_intersect, minmay_diamond_spiral
D:14:     layout_basic, basic_altar, kennysheep_small_spiral
D:15:     hangedman_depths_entry_civil_slaughter, layout_layer_cave,
          minmay_fractal_squares_5
Temple:   eino_temple_rhombus
Lair:1:   layout_long_grid
Lair:2:   layout_regular_city, guppyfry_snake_entry_garden
Lair:3:   layout_cave_pods, minmay_shoals_entry_lonely_mermaid,
          serial_bayou_shore_a, infiniplex_staircase_pool
Lair:4:   layout_hall_layers
Lair:5:   layout_big_grid, minivault_24, grunt_megastairs_4, uniq_sonja,
          uniq_nessos
Lair:6:   gammafunk_lair_ancient_temple, layout_gridlike, slime_altar_1,
          basic_altar, lemuel_another_geyser
Shoals:1: layout_shoals, serial_shops,
          nicolae_shop_temple_entry_statues_fountains
Shoals:2: cheibrodos_shoals_gigantism, layout_shoals, uniq_polyphemus
Shoals:3: layout_shoals, uniq_ilsuiw
Shoals:4: shoals_end_grunt_ice, layout_shoals
Snake:1:  layout_cave_shapes, basic_altar, serial_bayou_lake_a, uniq_josephine
Snake:2:  layout_gridlike, uniq_azrael, uniq_saint_roka
Snake:3:  layout_basic, basic_altar, nicolae_snake_horde_hoard, uniq_asterion,
          uniq_kirke, uniq_aizul, uniq_vashnia
Snake:4:  snake_pit, layout_basic, serial_bayou_shore_b, grunt_megastairs_2,
          uniq_mara, uniq_agnes
Orc:1:    layout_caves, elf_legates
Orc:2:    pf_orc_diabolical, layout_caves, special_room, serial_shops,
          shop_statue
Elf:1:    minmay_shoctagon, layout_gridlike, minmay_elf_crystal_heptagon
Elf:2:    layout_gridlike, basic_altar
Elf:3:    elf_hall, layout_gridlike, serial_shops, nicolae_shop_statue_plus,
          minivault_16, uniq_roxanne, uniq_louise
Vaults:1: nicolae_vaults_shelves_hall, ontoclasm_vaults_ring_large,
          vaults_room_ringed_pool, vaults_room_hangedman_quadrants,
          ontoclasm_vaults_claustrophobia, vaults_mumra_hex,
          ontoclasm_vaults_shuriken, nicolae_vaults_sealed_display,
          vaults_room_octagon, ontoclasm_vaults_gateway,
          layout_vaults_chaotic_city, serial_shops, bzr_entry_water
Vaults:2: v_rooms_3, vaults_standard_mumra_enter_the_diamond,
          dpeg_vaults_monster_row, vaults_mumra_minichess_inversion, v_misc_15,
          v_misc_33, minmay_crypt_entry_necro_gods, vaults_mumra_lcd,
          layout_vaults_quadrants
Vaults:3: dpeg_vaults_waves, vaults_dpeg_doors, v_misc_8, v_pattern_3,
          vaults_room_corners, v_rooms_5, ontoclasm_vaults_twist,
          hangedman_vaults_restitches, v_misc_22, hangedman_vaults_maws,
          layout_vaults_omnicross
Vaults:4: hangedman_vaults_impose, nicolae_vaults_big_ls,
          hangedman_vaults_pinch, hangedman_vaults_snaps, v_misc_22,
          v_alt_pattern_1, nicolae_vaults_little_squares_6, v_misc_1,
          hangedman_vaults_restitches, v_misc_25, v_misc_25,
          nicolae_vaults_puzzle_piece, kennysheep_vaults_gozag_temple,
          layout_vaults_maze_bifur, serial_shops, bzr_entry_safe
Vaults:5: serial_shops
Crypt:1:  layout_chaotic_city, uniq_bai_suzhen
Crypt:2:  layout_gridlike, basic_altar, grunt_ministairs_14,
          roderic_lattice_octagonal_star
Crypt:3:  lightli_unholy_cathedral, layout_chaotic_city,
          nicolae_tomb_entry_grand_gallery, nrook_guardian_serpent_ordinary,
          grunt_megastairs_1, uniq_boris, uniq_margery
Depths:1: layout_cave_pools, minmay_misc_feat_iff, hangedman_geh_valley,
          ploomutoo_gammafunk_ghost_potion_laboratory, xom_teletrap_fun,
          serial_bayou_shore_b, firewood_loft, serial_bayou_shore_b
Depths:2: minmay_the_grid_square_5x5_5x5 [minmay_the_grid_square_5x5_spiral,
          minmay_the_grid_square_5x5_seven, minmay_the_grid_square_5x5_percent,
          minmay_the_grid_square_5x5_eight_small,
          minmay_the_grid_square_5x5_inner_v,
          minmay_the_grid_square_5x5_three_small,
          minmay_the_grid_square_5x5_prize_rear_guard,
          minmay_the_grid_square_5x5_empty,
          minmay_the_grid_square_5x5_prize_waves,
          minmay_the_grid_square_5x5_doubleslash,
          minmay_the_grid_square_5x5_two, minmay_the_grid_square_5x5_longway,
          minmay_the_grid_square_5x5_prize_gold,
          minmay_the_grid_square_5x5_three_walls,
          minmay_the_grid_square_5x5_intrusive_squares,
          minmay_the_grid_square_5x5_six,
          minmay_the_grid_square_5x5_prize_monsterx,
          minmay_the_grid_square_5x5_checkered_statues,
          minmay_the_grid_square_5x5_prize_snowflake,
          minmay_the_grid_square_5x5_spiral_small, minmay_the_grid_square_5x5_n,
          minmay_the_grid_square_5x5_forky, minmay_the_grid_square_5x5_bridge,
          minmay_the_grid_square_5x5_v, minmay_the_grid_square_5x5_shrine1],
          layout_cave_pools, pf_coc_iceberg, gammafunk_ghost_berserking_beasts,
          abyss_entry, infiniplex_enter_wizlab_spiral, rand_demon_pan_entry_4
Depths:3: minmay_bloctagon, layout_cave_shapes, minmay_stone_trees_small,
          hell_entry, gammafunk_ghost_necromancy, pan_entry,
          abyss_entry_flame_altar, serial_shops,
          nicolae_shop_overgrown_old_shop, uniq_xtahua
Depths:4: kennysheep_ogre_elephant_herders, layout_cave_pools, serial_shops,
          shop_statue, abyss_entry_glasseish, hellmouth_1,
          grunt_decor_arrowhead, uniq_frederick
Depths:5: grunt_zot_entry_alcove, layout_gridlike, enter_ziggurat_e,
          minmay_misc_feat_rows, serial_shops, bzr_entry_customers,
          nicolae_shop_stone, nicolae_shop_statue_plus,
          nicolae_shop_competitors_out_of_business, shop,
          rand_demon_pan_entry_1, hell_entry, abyss_entry, minmay_shoptagon
Zig:2

Skill      XL: |  1  2  3  4  5  6  7  8  9 10 11 12 13 14 15 16 17 18 19 20 21 22 23 24 25 26 27 |
---------------+----------------------------------------------------------------------------------+-----
Stealth        | 5 6 7 8 9 10 12 14 16 17 18 19 20 21 22 23 25 27 | 27.0
Short Blades   | 2 3 4 5 6 8 10 11 12 14 | 14.4
Fighting       | 1 2 3 4 5 6 8 9 10 11 12 13 14 15 16 18 19 22 23 | 23.1
Dodging        | 3 4 6 7 8 10 11 12 13 14 15 16 17 | 17.3
Armour         | 1 2 3 4 6 7 8 9 10 11 12 13 14 16 | 16.4
Invocations    | 2 4 6 8 |  8.7
Air Magic      | 2 11 13 16 17 18 | 18.1
Hexes          | 8 |  8.0
Poison Magic   | 3 |  3.4
Spellcasting   | 5 7 |  7.8
Shields        | 2 7 8 11 15 | 15.3
Evocations     | 3 11 | 11.9

Action                   |  1- 3 |  4- 6 |  7- 9 | 10-12 | 13-15 | 16-18 | 19-21 | 22-24 | 25-27 || total
-------------------------+-------+-------+-------+-------+-------+-------+-------+-------+-------++-------
Melee: Dagger            |   221 |       |       |       |       |       |       |       |       ||   221
       Bite              |    21 |    15 |    30 |    98 |   245 |   272 |   265 |   461 |   444 ||  1851
       Short sword       |     9 |   186 |   333 |   988 |  2177 |  2358 |   291 |    86 |   246 ||  6674
       Rapier            |       |       |       |       |       |       |  1907 |  2804 |  2230 ||  6941
Throw: Dart              |       |       |       |       |    12 |    14 |    13 |    16 |     3 ||    58
 Cast: Confusing Touch   |       |       |       |       |       |   139 |   107 |   119 |    22 ||   387
       Silence           |       |       |       |       |       |       |       |    12 |    17 ||    29
       Poisonous Vapours |       |       |       |       |       |       |       |       |     1 ||     1
Invok: Lesser Servant of |       |       |       |       |     8 |     7 |     8 |     3 |       ||    26
       Greater Servant o |       |       |       |       |     1 |       |     1 |       |       ||     2
 Abil: Evoke Flight      |       |       |       |       |       |     9 |       |       |       ||     9
       Stop Flying       |       |       |       |       |       |     2 |       |       |       ||     2
       Exsanguinate      |       |       |       |       |       |       |     1 |     2 |     2 ||     5
       Revivify          |       |       |       |       |       |       |     1 |     1 |     1 ||     3
Evoke: Wand              |       |     5 |     4 |     4 |    14 |    13 |    51 |    29 |     7 ||   127
       Phantom mirror    |       |       |       |       |     1 |     1 |     1 |     1 |       ||     4
       Tin of tremorston |       |       |       |       |       |       |       |       |     3 ||     3
  Use: Scroll            |     6 |    12 |     1 |    13 |    17 |    17 |    17 |    22 |    16 ||   121
       Potion            |       |     1 |     3 |     7 |     9 |    12 |    22 |    11 |     8 ||    73
 Stab: Sleeping          |     5 |     5 |     2 |    20 |    30 |    38 |    56 |    42 |    22 ||   220
       Paralysed         |       |     1 |       |       |       |       |       |       |     1 ||     2
       Invisible         |       |       |       |     3 |       |    23 |     4 |       |    11 ||    41
       Distracted        |       |       |       |     3 |     7 |     7 |     7 |     8 |     6 ||    38
       Petrified         |       |       |       |       |     3 |       |       |    11 |     1 ||    15
       Petrifying        |       |       |       |       |     3 |       |       |     2 |       ||     5
       Confused          |       |       |       |       |       |   147 |    71 |    54 |    11 ||   283
       Fleeing           |       |       |       |       |       |       |       |     1 |       ||     1
Armor: Pearl dragon scal |   132 |    87 |   117 |   327 |   872 |   815 |   676 |   748 |   521 ||  4295
       Robe              |     3 |       |       |       |       |       |       |       |       ||     3
       Skin              |       |       |    19 |       |       |       |       |       |       ||    19
Dodge: Dodged            |   106 |    77 |   117 |   421 |  1169 |  1452 |  1025 |  1222 |  1261 ||  6850
Block: Kite shield       |       |       |       |       |       |       |   153 |  1121 |  1102 ||  2376
